 Dungeon Crawl Stone Soup version 0.27.1-33-g824d729ab1 (webtiles) character file.

Game seed: 14584361020490932632

535 SensoryNuts the Covered (level 7, -1/53 HPs)
             Began as a Demonspawn Fighter on Dec 11, 2021.
             Slain by Prince Ribbit (11 damage)
             ... on level 5 of the Dungeon.
             The game lasted 00:07:02 (4534 turns).

SensoryNuts the Covered (Demonspawn Fighter)        Turns: 4534, Time: 00:07:03

Health: -1/53      AC: 10    Str: 19    XL:     7   Next: 4%
Magic:  7/7        EV: 10    Int:  9    God:
Gold:   136        SH:  0    Dex: 12    Spells: 6/6 levels left

rFire    . . .     SeeInvis .   p - +0 battleaxe
rCold    . . .     Faith    .   (shield currently unavailable)
rNeg     . . .     Spirit   .   b - +1 scale mail
rPois    .         Reflect  .   (no helmet)
rElec    .         Harm     .   (no cloak)
rCorr    .         Rampage  .   (no gloves)
Will     .....                  (no boots)
Stlth    ..........             (no amulet)
HPRegen  0.17/turn              g - ring of wizardry
MPRegen  0.10/turn              (no ring)

@: no status effects
A: powered by death 1, spiny 2, sharp scales 2
a: no special abilities


You were on level 5 of the Dungeon.
You visited 1 branch of the dungeon, and saw 5 of its levels.

You collected 136 gold pieces.

Inventory:

Hand Weapons
 a - a +0 long sword
 l - a +0 scythe
 p - a +0 battleaxe (weapon)
Armour
 b - a +1 scale mail (worn)
 c - a +0 kite shield
Jewellery
 g - a ring of wizardry (left hand)
 j - a ring of resist corrosion
Wands
 o - a wand of polymorph (7)
 q - a wand of digging (7)
Scrolls
 f - a scroll of enchant armour
 h - a scroll of amnesia {unknown}
 i - a scroll of magic mapping {unknown}
 m - a scroll of noise {unknown}
 v - a scroll of blinking {unknown}
 w - 3 scrolls of immolation {unknown}
 x - a scroll of identify
 y - a scroll of teleportation
 A - a scroll of brand weapon {unknown}
Potions
 d - 3 potions of might
 e - 4 potions of flight
 k - a potion of attraction {unknown}
 n - a potion of curing
 r - a potion of degeneration {unknown}
 s - a potion of haste {unknown}
 t - 2 potions of brilliance
 u - a potion of berserk rage {unknown}
 z - a potion of cancellation {unknown}


   Skills:
 + Level 3.8 Fighting
 - Level 3.2 Long Blades
 + Level 1.0(1.7) Axes
 * Level 2.1(2.3) Polearms
 + Level 4.3 Armour
 + Level 1.7 Dodging
 + Level 0.6 Stealth
 + Level 4.0 Shields


You had 6 spell levels left.
You didn't know any spells.
Your spell library contained the following spells:

 Spells                   Type           Power      Damage    Failure   Level
 Summon Small Mammal      Summ           0%         N/A       41%         1
 Call Canine Familiar     Summ           0%         N/A       77%         3
 Conjure Flame            Conj/Fire      0%         6-21      77%         3
 Ignite Poison            Fire/Tmut/Pois 0%         N/A       77%         3
 Summon Guardian Golem    Hex/Summ       0%         N/A       77%         3
 Animate Dead             Necr           0%         N/A       98%         4
 Sticky Flame             Conj/Fire      0%         2d3       98%         4
 Haunt                    Necr/Summ      0%         N/A       100%        7
 Infestation              Necr           0%         N/A       100%        8


Dungeon Overview and Level Annotations

Branches:
Dungeon (5/15)
 Temple: D:4-7

Altars:

Annotations:
D:5 Prince Ribbit


Innate Abilities, Weirdness & Mutations

You regenerate a little health from kills.
You are mostly covered in sharp spines.
You are mostly covered in razor-sharp scales. (AC +2, Slay +2)


Message History

The orc shouts!
An orc is nearby!
An orc is nearby!
An orc is nearby!
An orc is nearby!
The orc throws a boomerang.
The boomerang completely misses you.
Prince Ribbit comes into view.
Prince Ribbit gives a loud, deep croak!
The orc throws a boomerang.
The boomerang hits you but does no damage.
The orc closely misses you.
You slash Prince Ribbit!
Prince Ribbit is lightly wounded.
You barely miss the orc. Prince Ribbit is struck by your spines.
Prince Ribbit closely misses you. The orc hits you but does no damage.
Prince Ribbit barely misses you. The orc closely misses you.
Prince Ribbit hits you!
You closely miss Prince Ribbit.
Prince Ribbit is moderately wounded.
You slash the orc!
You kill the orc!
Prince Ribbit is struck by your spines. Prince Ribbit hits you!
Prince Ribbit is struck by your spines. Prince Ribbit hits you!
You are too injured to fight recklessly!
You are too injured to fight recklessly!
Unknown command.
You are too injured to fight recklessly!
You are too injured to fight recklessly!
You are too injured to fight recklessly!
You are too injured to fight recklessly!
You closely miss Prince Ribbit.
Prince Ribbit is heavily wounded.
Prince Ribbit hits you!
* * * LOW HITPOINT WARNING * * *
Prince Ribbit is struck by your spines. Prince Ribbit hits you.
* * * LOW HITPOINT WARNING * * *
You hit Prince Ribbit.
Prince Ribbit is severely wounded.
Prince Ribbit is struck by your spines. Prince Ribbit hits you!
You die...

#........ #.>.(....
#........ #..<.....
###### #........
#....# ##....###
#####....#####.....#
###........#.......#.#
......)@.....####..#.#
.##...F.....## #..#.#
............# #.##.#
.###.......<# #.##.#
#........# ##.##.#
#........# #..##.#
#.........# #..#
#.........####..#
..............##


You could see Prince Ribbit.

Vanquished Creatures
  Sigmund (D:3)
  A black bear (D:4)
  A water moccasin zombie (D:5)
  2 hounds
  An iguana (D:4)
  2 adders (D:2)
  A gnoll (D:1)
  5 worms
  2 dart slugs
  2 orcs
  7 endoplasms
  2 giant cockroaches
  10 goblins
  10 hobgoblins
  7 jackals
  7 quokkas
  8 ball pythons
  7 bats
  3 frilled lizards
  11 kobolds
  8 rats
98 creatures vanquished.

Notes
Turn   | Place    | Note
-------+----------+-------------------------------------------
     0 | D:1      | SensoryNuts the Demonspawn Fighter began the quest for the
                  | Orb.
     0 | D:1      | Reached XP level 1. HP: 18/18 MP: 1/1
   387 | D:1      | Gained mutation: You are partially covered in sharp spines.
                  | [demonic ancestry]
   387 | D:1      | Reached XP level 2. HP: 7/24 MP: 2/2
   901 | D:1      | Reached XP level 3. HP: 27/29 MP: 3/3
  1304 | D:2      | Gained mutation: You are mostly covered in sharp spines.
                  | [demonic ancestry]
  1304 | D:2      | Reached XP level 4. HP: 23/35 MP: 4/4
  2087 | D:2      | Found a faded altar of an unknown god.
  2170 | D:3      | Noticed Sigmund
  2357 | D:3      | Killed Sigmund
  2358 | D:3      | Reached skill level 1 in Dodging
  2358 | D:3      | Gained mutation: You are partially covered in razor-sharp
                  | scales. (AC +1, Slay +1) [demonic ancestry]
  2358 | D:3      | Reached XP level 5. HP: 24/41 MP: 5/5
  2358 | D:3      | Gained mutation: You regenerate a little health from kills.
                  | [demonic ancestry]
  2358 | D:3      | Reached XP level 6. HP: 28/47 MP: 6/6
  3971 | D:4      | Reached skill level 1 in Polearms
  4395 | D:5      | Entered Level 5 of the Dungeon
  4503 | D:5      | Reached skill level 1 in Axes
  4503 | D:5      | Gained mutation: You are mostly covered in razor-sharp
                  | scales. (AC +2, Slay +2) [demonic ancestry]
  4503 | D:5      | Reached XP level 7. HP: 52/53 MP: 7/7
  4528 | D:5      | Noticed Prince Ribbit
  4534 | D:5      | Slain by Prince Ribbit

Illustrated notes

Levels and vault maps discovered:
D:1:      dpeg_arrival_round_c, layout_rooms
D:2:      layout_basic, ebering_ecumenical_altar_hall,
          minmay_misc_feat_four_crosses, minmay_quadrilaterals
D:3:      layout_basic, grunt_decor_junction, minivault_5, uniq_sigmund
D:4:      black_bear_nest_2, layout_basic
D:5:      layout_rooms, minmay_tree_intersection, uniq_prince_ribbit1

Skill      XL: |  1  2  3  4  5  6 |
---------------+-------------------+-----
Long Blades    | 2 3 |  3.2
Armour         | 3 4 |  4.3
Shields        | 3 4 |  4.0
Dodging        | 1 |  1.7
Polearms       | 2 |  2.1
Axes           | 1 |  1.0
Fighting       | |  3.8
Stealth        | |  0.6

Action                   |  1- 3 |  4- 6 |  7- 9 || total
-------------------------+-------+-------+-------++-------
Melee: Long sword        |   111 |    39 |       ||   150
       Battleaxe         |       |    32 |     4 ||    36
       Scythe            |       |    23 |       ||    23
  Use: Potion            |       |     4 |       ||     4
       Scroll            |       |     3 |       ||     3
Armor: Scale mail        |    57 |    36 |     2 ||    95
Dodge: Dodged            |    33 |    46 |     5 ||    84
Block: Kite shield       |    79 |    20 |       ||    99
       Rpst.: Long sword |    17 |     1 |       ||    18
